Map: Ruins of Seras

Players

Hanuman - Winner!

  • Race: Zerg Zerg

A.I. 1 (Hard)

  • Race: Zerg Zerg

VOD

Have the link to the VOD?

Description

Time

  • Played on: Feb. 3, 2016, 1:24 p.m.
  • Length: 5:23
Show
View Real Time Build Order
Export as new Build Order

Hanuman Zerg - Winner!

Build Orders: Pool First 

Get SALT Encoding   

  12  0:01  Drone  
  13  0:12  Drone  
  14  0:17  Extractor  
  14  0:20  Drone  
  14  0:36  Spawning Pool  
  13  0:45  Drone  
  13  0:49  Extractor  
  13  0:50  Drone  
  13  0:55  Overlord  
  15  1:23  Zergling x6  
  18  1:36  Zergling x2  
  19  1:46  Zergling x2  
  20  1:56  Hatchery  
  20  2:01  Zergling x2  
  20  2:09  Queen  
  22  2:16  Overlord  
  22  2:17  Metabolic Boost  
  21  2:33  Drone  
  22  2:44  Drone x2  
  24  2:52  Zergling x2  
  25  3:05  Zergling x2  
  26  3:08  Queen  
  26  3:10  Zergling x2  
  29  3:13  Overlord  
  29  3:23  Zergling x2  
  29  3:24  Zergling x6  
  33  3:28  Zergling x2  
  34  3:35  Zergling x2  
  35  3:44  Zergling x4  
  37  3:53  Drone  
  37  3:54  Drone x2, Overlord  
  38  4:09  Zergling x6  
  35  4:17  Zergling x4  
  35  4:18  Zergling x6  
  38  4:45  Zergling x6  
  39  4:46  Zergling x4  
  40  5:04  Zergling x6  
Show
View Real Time Build Order
Export as new Build Order

A.I. 1 (Hard) Zerg 

Build Orders: Hatch First 

Get SALT Encoding   

  12  0:01  Drone  
  13  0:12  Overlord  
  13  0:17  Drone  
  14  0:30  Drone  
  14  0:32  Drone  
  14  0:34  Drone  
  17  0:55  Hatchery  
  16  0:57  Drone  
  17  1:11  Spawning Pool  
  17  1:14  Drone  
  17  1:17  Drone  
  18  1:20  Extractor  
  18  1:22  Drone  
  18  1:29  Overlord  
  18  1:38  Drone  
  19  2:00  Zergling x4, Queen  
  23  2:03  Roach Warren  
  23  2:06  Drone  
  23  2:07  Extractor  
  22  2:10  Drone  
  23  2:23  Drone  
  24  2:40  Overlord  
  24  2:43  Roach  
  28  2:44  Roach x2  
  28  2:46  Roach  
  32  2:55  Drone  
  33  2:58  Drone  
  33  3:03  Lair  
  34  3:18  Drone  
  35  3:23  Drone  
  36  3:28  Overlord  
  36  3:32  Drone  
  37  3:35  Drone  
  38  3:42  Evolution Chamber  
  38  3:43  Drone  
  38  3:50  Evolution Chamber, Ravager  
  38  3:52  Drone  
  38  4:02  Hydralisk Den  
  38  4:04  Drone  
  38  4:07  Roach  
  33  4:10  Zergling x2  
  28  4:19  Zergling x2, Queen  
  22  4:25  Drone  
  22  4:31  Drone  
  23  4:33  Hydralisk  
  21  4:38  Drone  
  20  4:45  Drone  
  20  4:51  Drone  
  20  5:04  Drone  
Tags
 
Add a new tag
Caveats
  • Supply blocks, unpowered buildings, or Contaminate may cause inaccurate times.
  • Supply counts are checked every 10 seconds.